 Dungeon Crawl Stone Soup version 0.31-a0-271-gb88eb75e06 (webtiles) character file.

Game seed: 17521282052886472708

88550 Newt the Champion of Chaos (level 15, -8/186 HPs)
             Began as a Demonspawn Gladiator on July 14, 2023.
             Was the Champion of Makhleb.
             Mangled by Aizul (12 damage)
             ... on level 3 of the Lair of Beasts.
             The game lasted 00:34:23 (18785 turns).

Newt the Champion of Chaos (Demonspawn Gladiator)  Turns: 18785, Time: 00:34:23

Health: -8/186     AC: 27    Str: 20    XL:     15   Next: 46%
Magic:  0/26       EV:  2    Int:  9    God:    Makhleb [******]
Gold:   1207       SH:  5    Dex: 19    Spells: 26/26 levels left

rFire   + + .        a - +7 hand axe "Giantbane" {vamp, Dex+2}
rCold   . . .        j - orb {light}
rNeg    . . .        k - melded +2 crystal plate armour {rC+}
rPois   +            (helmet currently unavailable)
rElec   .            J - melded scarf {rC+ rF+}
rCorr   +            V - melded +2 pair of gloves {infuse}
SInv    .            X - melded +3 pair of boots "Pes Odi" {rPois Regen+ Dex-5}
Will    ++...        C - amulet of reflection
Stlth   +            R - ring "Daottemn" {rF++ rCorr EV+5}
HPRegen 0.51/turn    r - +4 ring of slaying
MPRegen 0.40/turn

%: random rage (3%), reflection, guardian spirit
@: lethally poisoned (-8 -> -27), tree-form, slowed, glowing, very slow
A: stationary, stasis, torment immunity, boosted hp, (antennae 1), demonic
guardian 3, magic shield, magic regeneration, (sturdy frame 2), berserk 1,
strong-willed 1
a: Renounce Religion, Minor Destruction, Lesser Servant of Makhleb, Major
Destruction, Greater Servant of Makhleb


You were on level 3 of the Lair of Beasts.
You worshipped Makhleb.
Makhleb was exalted by your worship.
You were a tree.
You visited 4 branches of the dungeon, and saw 20 of its levels.
You also visited: Gauntlet and Ice Cave.

You collected 1800 gold pieces.
You spent 593 gold pieces at shops.

Inventory:

Hand Weapons
 a - the +7 hand axe "Giantbane" (weapon) {vamp, Dex+2}
   (You found it on level 2 of the Dungeon)

   Dex:       It affects your dexterity (+2).
 b - the +7 whip "Plog" {flame, rN+}
   (You found it on level 1 of the Lair of Beasts)

   rN:        It protects you from negative energy.
 u - a +4 dagger
 x - a +0 rapier
 M - a +0 whip
Missiles
 e - 16 javelins
 h - 22 boomerangs
 t - 72 poisoned darts
Armour
 j - an orb of light (worn)
 k - a +2 crystal plate armour of cold resistance (melded)
 n - quicksilver dragon scales
 z - the +0 pair of gloves "Ucaemn" {+Blink MP-9 Dex+10 Stlth-}
   (You found it on level 8 of the Dungeon)

   Dex:       It affects your dexterity (+10).
   MP:        It affects your magic capacity (-9).
   +Blink:    It lets you blink.
   Stlth:     It makes you less stealthy.
 J - a scarf of resistance (melded)
 T - +0 ice dragon scales
 V - a +2 pair of gloves of infusion (melded)
 X - the +3 pair of boots "Pes Odi" (melded) {rPois Regen+ Dex-5}
   (You found it in a Gauntlet)

   Dex:       It affects your dexterity (-5).
   rPois:     It protects you from poison.
   Regen:     It increases your rate of health regeneration.
Jewellery
 l - a ring of resist corrosion
 r - a +4 ring of slaying (right branch)
 s - a ring of positive energy
 C - an amulet of reflection (around neck)
 G - a ring of protection from fire
 R - the ring "Daottemn" (left branch) {rF++ rCorr EV+5}
   (You found it on level 9 of the Dungeon)

   [ring of evasion]

   EV:        It affects your evasion (+5).
   rF:        It greatly protects you from fire.
   rCorr:     It protects you from acid and corrosion.
Wands
 q - a wand of paralysis (4)
 y - a wand of roots (20)
 A - a wand of digging (4)
 I - a wand of polymorph (10)
 O - a wand of mindburst (17)
 P - a wand of acid (2)
Scrolls
 g - 8 scrolls of teleportation
 v - a scroll of fear
 D - a scroll of enchant armour
 S - 2 scrolls of revelation
 U - a scroll of identify
Potions
 f - 2 potions of attraction
 i - 4 potions of mutation
 p - a potion of haste
 w - 2 potions of enlightenment
 B - a potion of lignification
 H - 3 potions of cancellation
 K - a potion of brilliance
 N - 2 potions of might
 Q - 5 potions of curing
 Z - 2 potions of ambrosia
Miscellaneous
 m - a sack of spiders (inert)
 W - a phial of floods (inert)


   Skills:
 + Level 13.6 Fighting
 - Level 2.6 Short Blades
 - Level 14.0 Axes
 - Level 1.7 Throwing
 - Level 10.0 Armour
 - Level 2.6 Dodging
 - Level 6.1 Spellcasting
 - Level 15.0 Invocations
 - Level 10.0 Evocations


You had 26 spell levels left.
You didn't know any spells.
Your spell library contained the following spells:

 Spells                   Type           Power      Damage    Failure   Level
 Apportation              Tloc           4%         N/A       22%         1
 Necrotise                Necr           8%         1d4       22%         1
 Shock                    Conj/Air       8%         1d3       22%         1
 Summon Small Mammal      Summ           8%         N/A       22%         1
 Blink                    Tloc           4%         N/A       32%         2
 Cigotuvi's Dreadful Rot  Necr/Pois/Air  4%         N/A       32%         2
 Poisonous Vapours        Pois/Air       4%         N/A       32%         2
 Gell's Gravitas          Tloc           2%         N/A       54%         3
 Ignite Poison            Fire/Tmut/Pois 2%         N/A       54%         3
 Mephitic Cloud           Conj/Pois/Air  2%         N/A       54%         3
 Portal Projectile        Hex/Tloc       4%         N/A       54%         3
 Swiftness                Air            2%         N/A       54%         3
 Teleport Other           Tloc           2%         N/A       54%         3
 Tukima's Dance           Hex            2%         N/A       54%         3
 Volatile Blastmotes      Fire/Tloc      4%         2d10      54%         3
 Airstrike                Air            1%         2d(1-17)  91%         4
 Fulminant Prism          Conj/Hex       1%         3d5       91%         4
 Iskenderun's Mystic Bla  Conj/Tloc      2%         2d3       91%         4
 Manifold Assault         Tloc           2%         N/A       91%         4
 Freezing Cloud           Conj/Ice/Air   1%         6-21      99%         5
 Yara's Violent Unravell  Hex/Tmut       1%         3d3       99%         5
 Dispersal                Tloc           1%         N/A       100%        6
 Shatter                  Erth           1%         3d5*      100%        9


Dungeon Overview and Level Annotations

Branches:
Dungeon (12/15)            Temple (0/1) D:7            Lair (5/5) D:9
  Swamp (0/4) Lair:2        Snake (1/4) Lair:2        Slime (0/5) Lair:5
    Orc (2/2) D:12            Elf (0/3) Orc:2         IceCv (visited)
Gauntlet (visited)

Altars:
Ashenzari
Dithmenos
Fedhas
Gozag
Makhleb
Okawaru
Ru
Xom
Yredelemnul
Jiyva

Shops:
D:8 [   Orc:2 ?(**[(([=

Annotations:
Lair:2 Agnes
Lair:3 Aizul


Innate Abilities, Weirdness & Mutations

You are a tree.
Your roots penetrate the ground, keeping you stationary.
You cannot be teleported.
You are immune to unholy pain and torment.
Your maximum health is greatly increased.
Your equipment is partially melded.
((You have a pair of small antennae on your head.))
A powerful demonic guardian rushes to your aid.
When hurt, damage is shared between your health and your magic reserves.
You regenerate magic rapidly.
((Your movements are less encumbered by armour. (ER -4)))
You sometimes lose your temper in combat.
You are strong-willed. (Will+)


Message History

You hit Aizul.
Aizul is lightly wounded.
Aizul coils herself and waves her upper body at you.
The bolt of poison hits you! You resist.
* * * LOW HITPOINT WARNING * * *
Aizul casts a spell at you. The bolt of poison hits you. You resist.
* * * LOW HITPOINT WARNING * * *
You closely miss Aizul.
Aizul is lightly wounded.
Aizul hits you!
* * * LOW HITPOINT WARNING * * *
Unknown command.
Throw: throwing net
Press: ? - help, Shift-Dir - straight line, f/p - Aizul
Aim: Aizul (lightly wounded, haloed, 67% to hit)
You throw a throwing net. The throwing net closely misses Aizul.
Aizul moans, "No job prospects!
Who wants sleepy Aizul to guard their treasure?"
Aizul coils herself and waves her upper body at you.
You resist with some effort. Aizul hits you.
Aiming: Paralyse
Press: ? - help, Shift-Dir - straight line, f/p - Aizul
Aim: Aizul (lightly wounded, haloed, chance to affect: 3%)
Okay, then.
Okay, then.
Okay, then.
Okay, then.
A demon appears!
Aizul hits you.
* * * LOW HITPOINT WARNING * * *
A demonic guardian appears!
Aizul hits you but does no damage.
Unknown command.
You slash Aizul!
You feel better.
Aizul is lightly wounded.
Aizul coils herself and waves her upper body at you.
The bolt of poison hits you!
You are lethally poisoned!
You resist.
* * * LOW HITPOINT WARNING * * *
Aizul hits you!
You die...

# #####........................ #
#.#.........................# #
#............................ #
###...........#P...÷..........
####P............####............
##.#.........#..## #............
#.#.............# ##...........
................#####............
................♣................
..............2..S2............).
.................................
.................................
.................................
...........................†.....
..........................††.....
......>................(.........
............<...............|....


You could see Aizul (ally target), a friendly cacodemon (summoned) and a
friendly balrug (summoned).

Vanquished Creatures
  A minotaur (Gauntlet)
  Snorg (Lair:4)
  Fannar (Lair:3)
  2 catoblepae (Lair:3)
  3 hydras
  A boulder beetle (Lair:5)
  2 ironbound frosthearts (IceCv)
  5 two-headed ogres
  8 death yaks
  2 orc high priests (Orc:2)
  The ghost of AwFulAwFulPlayer the Brawler, a journeyman VSMo of Wu Jian (D:9)
  Sonja (D:11)
  A skyshark (Lair:5)
  The ghost of experimilk the Destroyer, a novice DrCj of Kikubaaqudgha (D:8)
  An orc knight (Orc:2)
  A wolf spider (Lair:5)
  2 cyclopes (D:12)
  3 ice statues
  11 elephants
  An ugly thing (D:12)
  A guardian serpent (Lair:5)
  13 black mambas
  Joseph (D:10)
  21 cane toads
  7 rime drakes
  11 komodo dragons
  10 polar bears
  2 trolls
  3 meliai (Gauntlet)
  Grinder (D:6)
  A hornet (Lair:5)
  17 blink frogs
  A slime creature (Lair:5)
  Sigmund (D:2)
  7 dream sheep
  5 wraiths
  15 wyverns
  60 yaks
  2 basilisks
  2 steam dragons
  2 vampire mosquitoes (D:12)
  3 redbacks (Lair:5)
  An acid dragon (D:12)
  16 water moccasins
  2 sky beasts
  19 orc warriors
  7 black bears
  3 ice beasts
  4 ogres
  20 wolves
  3 centaurs (D:9)
  11 kobold brigands
  A wyvern zombie (D:7)
  Blork the orc (D:5)
  10 bullfrogs
  2 gnoll sergeants
  4 scorpions
  3 wights (D:7)
  4 killer bees (D:10)
  5 jellies
  4 howler monkeys
  5 hounds
  17 orc priests
  3 centaur zombies (D:7)
  Crazy Yiuf (D:7)
  A gnoll bouda (D:7)
  3 iguanas
  A sleepcap (D:6)
  7 hell rats (Lair:2)
  13 orc wizards
  4 troll simulacra (D:11)
  A spriggan simulacrum (D:11)
  2 killer bee zombies (D:7)
  9 gnolls
  14 adders
  2 naga simulacra (D:11)
  4 white imps
  7 shadow imps
  2 ufetubi
  5 worms
  A dart slug (D:4)
  66 orcs
  3 ball pythons (D:2)
  2 endoplasms
  5 giant cockroaches
  8 goblins
  6 hobgoblins
  6 jackals
  24 kobolds
  8 quokkas
  6 bats
  2 frilled lizards
  5 rats
598 creatures vanquished.

Vanquished Creatures (collateral kills)
  Saint Roka (Orc:2)
  The ghost of AlmostDecent the Frost Mage, a journeyman GnIE of Vehumet (D:10)
  2 two-headed ogres
  5 death yaks
  Urug (D:10)
  An orc sorcerer (Orc:2)
  2 oklob plants (Lair:1)
  4 elephants
  A black mamba (Lair:5)
  A guardian serpent (Lair:2)
  3 cane toads
  2 komodo dragons
  A troll (D:6)
  A hornet (Lair:5)
  2 polar bears (IceCv)
  4 blink frogs
  4 dream sheep
  3 yaks
  5 wyverns (Lair:5)
  A basilisk (Lair:5)
  A water moccasin (D:8)
  A floating eye (Lair:1)
  4 orc warriors (Orc:2)
  3 wolves
  2 kobold brigands (D:8)
  2 bullfrogs
  A howler monkey (D:8)
  A centaur zombie (D:7)
  2 orc priests (Orc:2)
  2 orc wizards (Orc:2)
  A howler monkey zombie (D:7)
  3 orcs (Orc:2)
  An endoplasm (D:2)
69 creatures vanquished.

Vanquished Creatures (others)
  A black mamba (Snake:1)
1 creature vanquished.

Grand Total: 668 creatures vanquished

Notes
Turn   | Place    | Note
-------+----------+-------------------------------------------
     0 | D:1      | Newt the Demonspawn Gladiator began the quest for the Orb.
     0 | D:1      | Reached XP level 1. HP: 16/16 MP: 1/1
   228 | D:1      | Gained mutation: Your movements are slightly less
                  | encumbered by armour. (ER -2) [demonic ancestry]
   228 | D:1      | Reached XP level 2. HP: 22/23 MP: 2/2
   780 | D:2      | Gained mutation: You regenerate magic rapidly. [demonic
                  | ancestry]
   780 | D:2      | Reached XP level 3. HP: 24/29 MP: 3/3
   780 | D:2      | Noticed Sigmund
  1078 | D:2      | Killed Sigmund
  1079 | D:2      | Gained mutation: A weak demonic guardian rushes to your
                  | aid. [demonic ancestry]
  1079 | D:2      | Reached XP level 4. HP: 18/37 MP: 4/4
  1079 | D:2      | Gained mutation: A demonic guardian rushes to your aid.
                  | [demonic ancestry]
  1079 | D:2      | Reached XP level 5. HP: 21/42 MP: 5/5
  1263 | D:2      | Found a faded altar of an unknown god.
  1447 | D:2      | Identified the +7 hand axe "Giantbane" {vamp, Dex+2}
  2167 | D:3      | Found a burning altar of Makhleb.
  2180 | D:3      | Became a worshipper of Makhleb the Destroyer
  2291 | D:3      | Gained mutation: Your movements are less encumbered by
                  | armour. (ER -4) [demonic ancestry]
  2291 | D:3      | Reached XP level 6. HP: 45/48 MP: 6/6
  2852 | D:4      | Reached skill level 5 in Armour
  2852 | D:4      | Reached skill level 1 in Axes
  2882 | D:4      | Reached * piety under Makhleb
  3030 | D:4      | Reached XP level 7. HP: 54/54 MP: 7/7
  3496 | D:4      | Found a broken altar of Ashenzari.
  3663 | D:4      | Found Sugeo's Jewellery Emporium.
  3776 | D:5      | Entered Level 5 of the Dungeon
  3793 | D:5      | Reached skill level 5 in Axes
  3837 | D:5      | Reached XP level 8. HP: 60/60 MP: 8/8
  3856 | D:5      | Reached ** piety under Makhleb
  4031 | D:5      | Noticed Blork the orc
  4038 | D:5      | Killed Blork the orc
  4043 | D:5      | You fall into a shaft and drop 3 floors!
  4084 | D:8      | HP: 3/60 [poisoned by a water moccasin]
  4170 | D:8      | Identified the +0 pair of gloves "Ucaemn" {+Blink MP-9
                  | Dex+10 Stlth-}
  4586 | D:6      | Gained mutation: A powerful demonic guardian rushes to your
                  | aid. [demonic ancestry]
  4586 | D:6      | Reached XP level 9. HP: 59/65 MP: 0/9
  4615 | D:6      | Noticed a troll
  4624 | D:6      | Killed a troll
  4625 | D:6      | Reached skill level 5 in Fighting
  4966 | D:6      | Reached *** piety under Makhleb
  5108 | D:6      | Noticed Grinder
  5111 | D:6      | Paralysed by Grinder for 2 turns
  5120 | D:6      | Paralysed by Grinder for 3 turns
  5127 | D:6      | Paralysed by Grinder for 3 turns
  5132 | D:6      | Killed Grinder
  5183 | D:6      | Found a sacrificial altar of Ru.
  5277 | D:6      | Found the +18 Lear's hauberk
  5735 | D:7      | Found a shadowy altar of Dithmenos.
  5735 | D:7      | Found an iron altar of Okawaru.
  5743 | D:7      | Found a faded altar of an unknown god.
  5813 | D:7      | Found an opulent altar of Gozag.
  5815 | D:7      | Found a shimmering altar of Xom.
  5857 | D:7      | Found a runed translucent door.
  5858 | D:7      | Noticed Crazy Yiuf
  5911 | D:7      | Found a staircase to the Ecumenical Temple.
  6085 | D:7      | Found a basalt altar of Yredelemnul.
  6188 | D:7      | Reached **** piety under Makhleb
  6287 | D:7      | Killed Crazy Yiuf
  6327 | D:8      | Found Bohycs's Antique Armour Emporium.
  6332 | D:8      | Reached XP level 10. HP: 74/76 MP: 10/10
  6521 | D:8      | Noticed a two-headed ogre
  6537 | D:8      | Killed a two-headed ogre
  6629 | D:8      | Found a runed translucent gate.
  6629 | D:8      | Noticed experimilk's ghost (novice DrCj)
  6630 | D:8      | Found a runed translucent gate.
  6630 | D:8      | Found a runed translucent gate.
  6656 | D:8      | Killed experimilk's ghost
  6849 | D:9      | Noticed a two-headed ogre
  6857 | D:9      | Killed a two-headed ogre
  6858 | D:9      | Reached skill level 10 in Armour
  7011 | D:9      | Noticed a two-headed ogre
  7022 | D:9      | Killed a two-headed ogre
  7022 | D:9      | Reached ***** piety under Makhleb
  7023 | D:9      | Reached XP level 11. HP: 74/86 MP: 11/11
  7095 | D:9      | Found a staircase to the Lair.
  7281 | D:9      | Found a runed translucent gate.
  7281 | D:9      | Found a runed translucent gate.
  7282 | D:9      | Found a runed translucent gate.
  7284 | D:9      | Noticed AwFulAwFulPlayer's ghost (journeyman VSMo)
  7520 | D:9      | Killed AwFulAwFulPlayer's ghost
  7540 | D:9      | Identified the ring "Daottemn" {rF++ rCorr EV+5}
  7619 | D:10     | Entered Level 10 of the Dungeon
  7706 | Lair:1   | Entered Level 1 of the Lair of Beasts
  7728 | Lair:1   | Reached skill level 10 in Fighting
  7771 | Lair:1   | Reached skill level 1 in Invocations
  7820 | Lair:1   | Reached skill level 2 in Invocations
  7834 | Lair:1   | Reached skill level 3 in Invocations
  7980 | Lair:1   | Noticed an oklob plant
  8119 | Lair:1   | Noticed an oklob plant
  8125 | Lair:1   | Paralysed by a floating eye for 3 turns
  8133 | Lair:1   | Paralysed by a floating eye for 2 turns
  8140 | Lair:1   | Paralysed by a floating eye for 3 turns
  8150 | Lair:1   | Paralysed by a floating eye for 3 turns
  8154 | Lair:1   | Killed an oklob plant
  8155 | Lair:1   | Reached skill level 4 in Invocations
  8155 | Lair:1   | Paralysed by a floating eye for 3 turns
  8161 | Lair:1   | Reached skill level 5 in Invocations
  8164 | Lair:1   | Reached skill level 6 in Invocations
  8168 | Lair:1   | Killed an oklob plant
  8184 | Lair:1   | Identified the +7 whip "Plog" {flame, rN+}
  8299 | Lair:1   | Reached skill level 7 in Invocations
  8452 | Lair:1   | Reached skill level 8 in Invocations
  8466 | Lair:1   | Reached skill level 9 in Invocations
  9165 | Lair:2   | Reached skill level 10 in Invocations
  9197 | Lair:2   | Reached skill level 5 in Evocations
  9197 | Lair:2   | Reached XP level 12. HP: 83/97 MP: 19/19
  9267 | Lair:2   | Noticed an eight-headed hydra
  9284 | Lair:2   | Killed an eight-headed hydra
  9285 | Lair:2   | Reached skill level 10 in Axes
  9385 | Lair:2   | Found a staircase to the Swamp.
  9655 | Lair:2   | Found a staircase to the Snake Pit.
 10224 | Lair:3   | Noticed a catoblepas
 10268 | Lair:3   | Killed a catoblepas
 10354 | Lair:3   | Gained mutation: You have a pair of small antennae on your
                  | head. [demonic ancestry]
 10354 | Lair:3   | Reached XP level 13. HP: 101/103 MP: 20/20
 10362 | Lair:3   | Noticed Fannar
 10398 | Lair:3   | Killed Fannar
 10600 | Lair:3   | Reached ****** piety under Makhleb
 10890 | Lair:4   | Reached skill level 11 in Invocations
 11033 | Lair:4   | Reached skill level 12 in Invocations
 11095 | Lair:4   | Reached skill level 13 in Invocations
 11160 | Lair:4   | Noticed Snorg
 11187 | Lair:4   | Killed Snorg
 11519 | Lair:5   | Entered Level 5 of the Lair of Beasts
 11550 | Lair:5   | Reached skill level 14 in Invocations
 11621 | Lair:5   | Reached XP level 14. HP: 107/110 MP: 25/25
 11629 | Lair:5   | Reached skill level 15 in Invocations
 11668 | Lair:5   | Found a gate leading to a gauntlet.
 11677 | Gauntlet | Entered a Gauntlet
 11677 | Gauntlet | Found a transporter.
 11714 | Gauntlet | Found a transporter.
 11716 | Gauntlet | Found a transporter.
 11727 | Gauntlet | Found a transporter.
 11730 | Gauntlet | Found a transporter.
 11735 | Gauntlet | Found a runed translucent door.
 11735 | Gauntlet | Found a runed translucent door.
 11735 | Gauntlet | Noticed a quicksilver ooze
 11740 | Gauntlet | Found a transporter.
 11756 | Gauntlet | Found a transporter.
 11767 | Gauntlet | Found a transporter.
 11780 | Gauntlet | Found a transporter.
 11794 | Gauntlet | Found a transporter.
 11803 | Gauntlet | Found a transporter.
 11804 | Gauntlet | Found a transporter.
 11847 | Gauntlet | Found a transporter.
 11861 | Gauntlet | Found a transporter.
 11864 | Gauntlet | Found a runed translucent door.
 12215 | Gauntlet | Identified the +3 pair of boots "Pes Odi" {rPois Regen+
                  | Dex-5}
 12248 | Gauntlet | Identified the +1 glaive of Makhleb's Anger {drain, rElec
                  | rC++ rN+ Stlth-}
 12289 | Gauntlet | Identified the +0 chain mail "Haejiol" {rPois Stlth+}
 12289 | Gauntlet | Identified the +1 arbalest of Kismet {speed, rF+ Dex+4}
 12294 | Gauntlet | Identified the +1 steam dragon scales of the Ghostly God
                  | {Str+4}
 12295 | Gauntlet | Got the Incunable of Plutonic Therianthropy
 12696 | Lair:5   | Found a staircase to the Slime Pits.
 12696 | Lair:5   | Found a viscous altar of Jiyva.
 12879 | Lair:5   | Reached skill level 10 in Evocations
 12879 | Lair:5   | Reached skill level 1 in Spellcasting
 13417 | Lair:5   | Identified the +0 quarterstaff "Cenu" {pain, +Blink rF+
                  | rCorr}
 14056 | D:10     | Found a transporter.
 14056 | D:10     | Found a transporter.
 14057 | D:10     | Noticed AlmostDecent's ghost (journeyman GnIE)
 14098 | D:10     | Reached skill level 5 in Spellcasting
 14099 | D:10     | Killed AlmostDecent's ghost
 14219 | D:10     | Noticed Joseph
 14226 | D:10     | Killed Joseph
 14327 | D:10     | Noticed Urug
 14341 | D:10     | Killed Urug
 14648 | D:11     | Found a frozen archway.
 14670 | IceCv    | Entered an ice cave
 15610 | IceCv    | Gained mutation: When hurt, damage is shared between your
                  | health and your magic reserves. [demonic ancestry]
 15610 | IceCv    | Reached XP level 15. HP: 118/118 MP: 4/26
 16473 | D:11     | Noticed Sonja
 16479 | D:11     | Killed Sonja
 16725 | D:12     | Found a blossoming altar of Fedhas.
 16968 | D:12     | Found a staircase to the Orcish Mines.
 16985 | Orc:1    | Entered Level 1 of the Orcish Mines
 17205 | Orc:2    | Entered Level 2 of the Orcish Mines
 17286 | Orc:2    | Found Yskuca's Jewellery Emporium.
 17362 | Orc:2    | Found Juwufal's Antique Armour Shoppe.
 17468 | Orc:2    | Found a staircase to the Elven Halls.
 17579 | Orc:2    | Found Hyimp's General Store.
 17610 | Orc:2    | Bought a wand of digging (4) for 235 gold pieces
 17610 | Orc:2    | Bought a potion of heal wounds for 70 gold pieces
 17628 | Orc:2    | Found Moteoruj's Assorted Antiques.
 17632 | Orc:2    | Bought a scroll labelled JASCHA JOW INA for 34 gold pieces
 17644 | Orc:2    | Found Korhot Heri's Antique Weapon Emporium.
 17936 | Orc:2    | Noticed Saint Roka
 17956 | Orc:2    | Found Ceres's Antique Weapon Boutique.
 17959 | Orc:2    | Paralysed by an orc sorcerer for 2 turns
 18016 | Orc:2    | Killed Saint Roka
 18199 | Orc:2    | Found Sefon's Antique Armour Shop.
 18304 | Orc:2    | Found Olym's Magic Scroll Emporium.
 18306 | Orc:2    | Bought a scroll of enchant armour for 127 gold pieces
 18306 | Orc:2    | Bought a scroll of revelation for 127 gold pieces
 18334 | Orc:2    | Found Matowic's Weapon Shop.
 18697 | Snake:1  | Entered Level 1 of the Snake Pit
 18698 | Snake:1  | Noticed Aizul
 18700 | Snake:1  | Noticed Agnes
 18750 | Lair:2   | Gained mutation: You are strong-willed. (Will+) [a
                  | cacodemon]
 18753 | Lair:2   | Gained mutation: You sometimes lose your temper in combat.
                  | [a cacodemon]
 18785 | Lair:3   | HP: 4/186 [Aizul/bolt of poison (10)]
 18785 | Lair:3   | Mangled by Aizul

Illustrated notes

Levels and vault maps discovered:
D:1:      amcnicky_arrival_flooded_fountain, layout_basic
D:2:      layout_loops_ring, hellmonk_ecumenical_altar_zigzags,
          nicolae_wormholes, uniq_sigmund
D:3:      layout_rooms, mainiacjoe_overflow_24_doors, minmay_misc_feat_ornament
D:4:      layout_layer_cave, mainiacjoe_overflow_six_doors_small, serial_shops,
          nicolae_shop_gibbet_a_chance, reono_crystal_passage
D:5:      layout_cave_pools, uniq_blork_the_orc
D:6:      layout_basic, nicolae_ru_great_annihilating_truth, st_stairs_3,
          hellmonk_guarded_unrand_lears, uniq_grinder
D:7:      layout_cave_pools, chequers_temple_overflow_minitemple,
          nicolae_yredelemnul_corpse_copse, zin_scriptorium,
          minmay_temple_entry_hall, uniq_crazy_yiuf_cottage
D:8:      layout_rooms, serial_demonic, serial_demonic_d, serial_demonic_b,
          serial_demonic_e, serial_demonic_a, serial_shops, shop,
          gammafunk_ghost_nasty_kobolds
D:9:      layout_roguey, david_lair_shrubbed, gammafunk_ghost_spectres
D:10:     layout_loops_ring, gammafunk_ghost_smash, uniq_urug, uniq_joseph
D:11:     layout_loops_cross, portal_ice_cave_entry_ice_simulacra, uniq_sonja
D:12:     layout_basic, erik_orc_1, fedhas_altar_1
Lair:1:   layout_regular_city, wad_woods_06, disabler_island,
          serial_bayou_shore_a
Lair:2:   layout_hall_layers, swamp_mist, minmay_snake_entry_spellcaster,
          grunt_megastairs_1
Lair:3:   layout_cave_shapes, grunt_forest_small_clearing_treed, uniq_fannar
Lair:4:   layout_misc_corridors, uniq_snorg
Lair:5:   hangedman_lair_tendril_chambers, layout_regular_city,
          minmay_slime_entry_pillars, serial_rivers,
          chequers_serial_rivers_small_b, chequers_serial_rivers_marsh,
          chequers_serial_rivers_small_a, chequers_serial_rivers_large_a,
          gauntlet_entry_generic, serial_bayou_pond_c
Snake:1:  layout_rooms, uniq_aizul, uniq_agnes
Orc:1:    layout_caves, uniq_maurice
Orc:2:    grunt_orc_community_town_hall, layout_caves,
          grunt_orc_community_big_house_1, grunt_orc_community_big_house_2,
          grunt_orc_community_house_1, grunt_orc_community_house_3,
          grunt_orc_community_house_3, grunt_orc_community_house_1,
          serial_shops, shop, nicolae_square_shop, shop,
          nicolae_shop_behind_doors, shop

Skill      XL: |  1  2  3  4  5  6  7  8  9 10 11 12 13 14 15 |
---------------+----------------------------------------------+-----
Fighting       | 3 4 6 8 10 11 13 | 13.6
Armour         | 3 4 5 7 10 | 10.0
Axes           | 2 5 8 9 12 14 | 14.0
Evocations     | 4 5 6 10 | 10.0
Invocations    | 10 14 15 | 15.0
Spellcasting   | 6 |  6.1
Short Blades   | |  2.6
Throwing       | |  1.7
Dodging        | |  2.6

Action                     |  1- 3 |  4- 6 |  7- 9 | 10-12 | 13-15 || total
---------------------------+-------+-------+-------+-------+-------++-------
  Melee: Rapier            |    86 |    21 |       |       |       ||   107
         Punch             |     1 |       |       |       |       ||     1
         Hand axe          |       |   107 |   295 |   628 |  1267 ||  2297
         Dagger            |       |     2 |       |       |       ||     2
         Whip              |       |       |       |     9 |     3 ||    12
  Throw: Boomerang         |     4 |       |       |       |       ||     4
         Throwing net      |     1 |       |       |     1 |     2 ||     4
 Invoke: Minor Destruction |       |       |       |     1 |       ||     1
         Major Destruction |       |       |       |     1 |       ||     1
         Greater Servant o |       |       |       |       |     6 ||     6
  Evoke: Wand              |       |       |       |       |    11 ||    11
         Phial of floods   |       |       |       |       |     1 ||     1
    Use: Scroll            |       |     9 |     7 |     4 |     9 ||    29
         Potion            |       |     2 |     2 |     4 |     6 ||    14
   Stab: Invisible         |       |       |     1 |       |       ||     1
         Held in net/web   |       |       |       |     1 |       ||     1
         Petrifying        |       |       |       |     2 |       ||     2
         Confused          |       |       |       |       |     6 ||     6
         Distracted        |       |       |       |       |     5 ||     5
 Armour: Leather armour    |     6 |       |       |       |       ||     6
         Plate armour      |    83 |    80 |   129 |       |       ||   292
         Chain mail        |       |       |    57 |   401 |   237 ||   695
         Ice dragon scales |       |       |       |       |   131 ||   131
         Quicksilver drago |       |       |       |       |    16 ||    16
         Crystal plate arm |       |       |       |       |   121 ||   121
         Skin              |       |       |       |       |     1 ||     1
  Dodge: Dodged            |    36 |    40 |   142 |   499 |   685 ||  1402
  Block: Buckler           |     7 |    18 |       |       |       ||    25
         Orb               |       |    11 |    69 |   145 |   271 ||   496
         Reflection        |       |       |       |     4 |     2 ||     6

Table legend: (Time is in decaauts)
 A = Elapsed time spent in this place.
 B = Non-inter-level travel time spent in this place.
 C = Inter-level travel time spent in this place.
 D = Time resting spent in this place.
 E = Time spent auto-exploring this place.
 F = Levels seen in this place.
 G = Mean time per level.
                   A        B        C        D        E       F      G
               +--------+--------+--------+--------+--------+-----+--------+
         Total |  18167 |  16996 |   1171 |   1140 |  11822 |  22 |  825.8 |
       Dungeon |   9851 |   9036 |    815 |    884 |   6351 |  12 |  820.9 |
          Lair |   5133 |   4842 |    291 |    135 |   3392 |   5 | 1026.6 |
     Snake Pit |     10 |     10 |      0 |      0 |      0 |   1 |   10.0 |
  Orcish Mines |   1379 |   1315 |     64 |      3 |   1048 |   2 |  689.5 |
      Ice Cave |   1184 |   1184 |      0 |      0 |    752 |   1 | 1184.0 |
      Gauntlet |    608 |    608 |      0 |    118 |    278 |   1 |  608.0 |
               +--------+--------+--------+--------+--------+-----+--------+

Top non-repeatable levels by time:
  Lair:1: 1422 daAuts
  Lair:5: 1317 daAuts
   IceCv: 1184 daAuts
  Lair:2: 1146 daAuts
   Orc:2: 1140 daAuts
     D:4: 1135 daAuts
     D:2: 1096 daAuts
     D:9: 1079 daAuts
     D:6: 1069 daAuts
     D:1: 1030 daAuts
     D:8: 906 daAuts
    D:10: 881 daAuts
    D:11: 771 daAuts
  Lair:4: 768 daAuts
     D:7: 706 daAuts
